 Dungeon Crawl Stone Soup version 0.27.1-35-g4d5d836560 (console) character file.

Game seed: 16661362508113298844

75 Banquo the Chopper (level 4, -4/35 HPs)
             Began as a Formicid Fighter on Apr 1, 2022.
             Was a Believer of Cheibriados.
             Slain by Grinder (6 damage)
             ... on level 3 of the Dungeon.
             The game lasted 00:06:10 (2381 turns).

Banquo the Chopper (Formicid Fighter)               Turns: 2381, Time: 00:06:11

Health: -4/35      AC:  6    Str: 26    XL:     4   Next: 55%
Magic:  4/4        EV:  8    Int: 11    God:    Cheibriados [**....]
Gold:   32         SH: 10    Dex: 14    Spells: 3/3 levels left

rFire    . . .     SeeInvis +   a - +0 war axe
rCold    . . .     Faith    .   c - +0 kite shield
rNeg     . . .     Spirit   .   b - +0 scale mail
rPois    .         Reflect  .   (helmet unavailable)
rElec    .         Harm     .   (no cloak)
rCorr    .         Rampage  .   (no gloves)
Will     .....                  (no boots)
Stlth    ..........             (no amulet)
HPRegen  0.11/turn              (no ring)
MPRegen  0.09/turn              (no ring)

@: very slow
A: permanent stasis, dig shafts and tunnels, antennae 3, four strong arms
a: Dig, Shaft Self, Renounce Religion, Bend Time


You were on level 3 of the Dungeon.
You worshipped Cheibriados.
Cheibriados was pleased with you.
You visited 1 branch of the dungeon, and saw 3 of its levels.

You collected 110 gold pieces.
You spent 78 gold pieces at shops.

Inventory:

Hand Weapons
 a - a +0 war axe (weapon)
 l - a +1 dagger of venom
Missiles
 i - 36 poisoned darts
 k - 63 stones
Armour
 b - a +0 scale mail (worn)
 c - a +0 kite shield (worn)
Scrolls
 g - a scroll of amnesia {unknown}
 j - a scroll of brand weapon {unknown}
 m - a scroll of noise
 n - a scroll of identify
 o - a scroll of magic mapping
Potions
 d - a potion of might
 e - a potion of brilliance
 f - a potion of attraction
 h - a potion of flight


   Skills:
 - Level 3.2 Fighting
 + Level 4.4 Axes
 - Level 3.2 Armour
 - Level 3.6 Shields


You had 3 spell levels left.
You didn't know any spells.
Your spell library was empty.

Dungeon Overview and Level Annotations

Branches:
Dungeon (3/15)

Altars:
Cheibriados
Gozag

Shops:
D:1 ?

Annotations:
D:3 Grinder


Innate Abilities, Weirdness & Mutations

You cannot be hasted, slowed, berserked, paralysed or teleported.
You can dig through walls and to a lower floor.
You have a pair of large antennae on your head. (SInv)
Your four strong arms can wield two-handed weapons with a shield.


Message History

You hit the hobgoblin but do no damage.
The hobgoblin hits you but does no damage.
You slash the hobgoblin!
You kill the hobgoblin!
Cheibriados appreciates the change of pace.
Grinder says, "DUCK!"
You completely miss Grinder. Grinder closely misses you.
You block Grinder's attack.
You slash Grinder!
Grinder is moderately wounded.
Grinder hits you!
You writhe in agony.
You are too injured to fight recklessly!
You are too injured to fight recklessly!
You slash Grinder!
Grinder is heavily wounded.
Grinder hits you but does no damage. Grinder completely misses you.
You slash Grinder!
Grinder is severely wounded.
Grinder blinks!
Okay, then.
Unknown command.
You block Grinder's attack.
You hit Grinder but do no damage.
Grinder is severely wounded.
Grinder closely misses you.
You closely miss Grinder.
Grinder is severely wounded.
Grinder barely misses you. Grinder hits you!
* * * LOW HITPOINT WARNING * * *
You writhe in agony.
* * * LOW HITPOINT WARNING * * *
You barely miss Grinder.
Grinder is severely wounded.
You block Grinder's attack.
You barely miss Grinder.
Grinder is severely wounded.
Grinder hits you.
* * * LOW HITPOINT WARNING * * *
You writhe in agony.
You die...

{.... .....
......# {{ ###.#.#
### w#.# ..# #.# #
###.# # ...
#.5<##..#
.....#####@#.....#
...8.....#......##
...{..##.)#######
.>... #.## ....
#.# ... #.# .$ #.#
. #.# #.#


You could see Grinder.

Vanquished Creatures
  2 adders (D:2)
  A worm (D:2)
  An orc (D:3)
  3 endoplasms (D:1)
  2 giant cockroaches (D:2)
  4 hobgoblins
  4 quokkas
  10 ball pythons
  6 bats
  2 frilled lizards
  6 goblins
  6 kobolds
  3 rats (D:1)
50 creatures vanquished.

Notes
Turn   | Place    | Note
-------+----------+-------------------------------------------
     0 | D:1      | Banquo the Formicid Fighter began the quest for the Orb.
     0 | D:1      | Reached XP level 1. HP: 18/18 MP: 1/1
   135 | D:1      | Found Duph's Magic Scroll Shoppe.
   289 | D:1      | Reached XP level 2. HP: 24/24 MP: 2/2
   337 | D:1      | Reached skill level 3 in Axes
   494 | D:1      | Reached XP level 3. HP: 29/29 MP: 3/3
   989 | D:1      | Found a faded altar of an unknown god.
   989 | D:1      | Noticed a hellwing
   997 | D:1      | Became a worshipper of Cheibriados the Contemplative
   997 | D:1      | Reached * piety under Cheibriados
  1220 | D:1      | Bought a scroll of noise for 12 gold pieces
  1220 | D:1      | Bought a scroll of identify for 24 gold pieces
  1551 | D:2      | Reached skill level 4 in Axes
  1551 | D:2      | Reached XP level 4. HP: 35/35 MP: 4/4
  1709 | D:2      | Found an opulent altar of Gozag.
  1721 | D:2      | Reached ** piety under Cheibriados
  2196 | D:1      | Bought a scroll of magic mapping for 42 gold pieces
  2363 | D:3      | Noticed Grinder
  2381 | D:3      | Slain by Grinder

Illustrated notes

Levels and vault maps discovered:
D:1:      minmay_arrival_stair_chambers, layout_basic,
          dreamdust_ecumenical_altar_sealed_demon, serial_shops, shop,
          minmay_ruptured
D:2:      layout_basic, basic_altar
D:3:      layout_basic, mainiacjoe_overflow_chevrons, gammafunk_ghost_arena,
          st_stairs_1, uniq_grinder, uniq_terence, uniq_jessica

Skill      XL: |  1  2  3 |
---------------+----------+-----
Axes           | 3 4 |  4.4
Fighting       | |  3.2
Armour         | |  3.2
Shields        | |  3.6

Action                   |  1- 3 |  4- 6 || total
-------------------------+-------+-------++-------
Melee: War axe           |   104 |    38 ||   142
 Abil: Dig               |     2 |     1 ||     3
  Use: Scroll            |     3 |     2 ||     5
Armor: Scale mail        |    57 |    11 ||    68
Dodge: Dodged            |    35 |    15 ||    50
Block: Kite shield       |    50 |    15 ||    65
